Map: Efflorescence LE

Players

OpuS - Winner!

  • Race: Protoss Protoss
  • League: Diamond
  • Spawn Location: 12:00

Sketchaphone - Winner!

  • Race: Zerg Zerg
  • League: Platinum
  • Spawn Location: 3:00

Awkin

  • Race: Terran Terran
  • Spawn Location: 6:00

Zav

  • Race: Protoss Protoss
  • League: Platinum
  • Spawn Location: 9:00

VOD

Have the link to the VOD?

Description

Time

  • Played on: March 3, 2019, 7:54 p.m.
  • Length: 9:03
Show
View Real Time Build Order
Export as new Build Order

OpuS Protoss - Winner!

Build Orders: 1 Gate Expand, Oracle Opening 

Get SALT Encoding   

  12  0:02  Probe  
  13  0:14  Probe  
  13  0:19  Pylon  
  14  0:26  Probe  
  15  0:38  Probe  
  15  0:40  Gateway  
  16  0:48  Probe  
  16  0:54  Assimilator  
  16  0:56  Probe  
  18  1:05  Probe  
  19  1:15  Probe  
  20  1:23  Probe  
  21  1:39  Nexus  
  21  1:45  Cybernetics Core  
  21  1:52  Pylon  
  21  1:56  Probe  
  22  2:07  Probe  
  22  2:15  Probe, Gateway  
  24  2:24  Warp Gate, Assimilator  
  24  2:30  Stalker  
  26  2:52  Stargate  
  26  2:56  Probe x2  
  26  2:57  Pylon  
  28  3:02  Stalker  
  30  3:11  Probe x2  
  32  3:15  Pylon  
  32  3:23  Probe x2  
  32  3:26  Oracle  
  34  3:27  Stalker  
  36  3:39  Probe  
  36  3:40  Probe  
  40  4:02  Pylon  
  40  4:14  Stalker x2  
  40  4:15  Probe x2  
  46  4:22  Shield Battery, Void Ray  
  50  4:25  Shield Battery  
  50  4:36  Probe x2  
  52  4:46  Twilight Council  
  52  4:47  Gateway  
  52  4:57  Stalker  
  52  4:59  Zealot  
  52  5:28  Void Ray  
  54  5:56  Gateway  
  54  5:59  Gateway  
  54  6:01  Pylon, Gateway  
  54  6:04  Gateway  
  54  6:05  Gateway  
  54  6:07  Zealot x2  
  54  6:08  Zealot  
  60  6:18  Gateway  
  60  6:20  Charge  
  60  6:25  Void Ray  
  64  6:33  Probe  
  64  6:36  Probe  
  64  6:37  Nexus  
  66  6:46  Pylon  
  66  6:48  Pylon  
  66  7:01  Probe x2  
  68  7:03  Assimilator  
  68  7:07  Assimilator  
  68  7:13  Probe x2  
  70  7:20  Stalker x4  
  75  7:25  Probe x2  
  69  7:49  Zealot x5  
  69  7:50  Zealot x2  
  69  7:52  Zealot  
  69  7:58  Probe x2  
  69  8:02  Dark Shrine  
  69  8:10  Probe x2  
  71  8:15  Probe  
  72  8:22  Probe x2  
  79  8:34  Probe  
  79  8:51  Zealot x3  
  79  8:52  Zealot x4  
Show
View Real Time Build Order
Export as new Build Order

Sketchaphone Zerg - Winner!

Build Orders: Hatch First 

Get SALT Encoding   

  12  0:01  Drone  
  13  0:12  Overlord  
  13  0:18  Drone  
  14  0:25  Drone, Extractor  
  15  0:31  Drone  
  15  0:34  Drone  
  17  0:56  Hatchery  
  16  1:00  Drone  
  16  1:02  Drone  
  18  1:05  Extractor  
  17  1:22  Spawning Pool  
  16  1:26  Drone x2  
  18  1:37  Drone  
  18  1:38  Overlord  
  19  2:00  Drone  
  20  2:02  Drone  
  21  2:09  Metabolic Boost  
  21  2:10  Queen  
  21  2:15  Queen  
  25  2:19  Drone  
  25  2:22  Drone  
  27  2:28  Overlord  
  27  2:32  Drone  
  27  2:35  Drone  
  29  2:37  Drone  
  30  2:46  Evolution Chamber  
  30  2:47  Drone  
  30  2:58  Pneumatized Carapace  
  30  2:59  Queen  
  30  3:00  Drone  
  30  3:02  Drone  
  34  3:09  Zergling x6  
  37  3:17  Zergling x2  
  38  3:21  Zergling x2  
  38  3:22  Overlord, Zergling x2  
  40  3:33  Overlord  
  40  3:48  Zerg Ground Armor Level 1  
  40  3:52  Zergling x18  
  49  4:10  Zergling x10  
  53  4:22  Zergling x2  
  53  4:23  Overlord x2  
  54  4:27  Zergling x2  
  45  4:42  Zergling x6  
  46  4:46  Zergling x4  
  47  5:16  Zergling x20  
  56  5:38  Queen  
  60  5:44  Zerg Melee Weapons Level 1  
  60  5:49  Lair  
  58  5:51  Overlord x2, Zergling x4  
  58  5:55  Overlord  
  60  5:58  Drone x7  
  60  5:59  Extractor  
  66  6:10  Hatchery  
  65  6:24  Drone x4  
  65  6:25  Drone, Extractor x2  
  68  6:29  Overlord  
  68  6:47  Baneling Nest  
  67  6:49  Queen, Burrow  
  69  7:19  Evolution Chamber  
  68  7:25  Queen  
  60  7:40  Centrifical Hooks  
  59  7:44  Overlord x2  
  59  7:45  Queen, Spire  
  59  7:46  Drone x2  
  59  7:47  Drone x3  
  65  8:00  Queen  
  55  8:29  Overlord x2, Extractor  
  55  8:30  Drone x17  
  55  8:31  Extractor  
Show
View Real Time Build Order
Export as new Build Order

Awkin Terran 

Build Orders:  

Get SALT Encoding   

  12  0:36  SCV  
  13  0:46  Supply Depot  
  13  0:48  SCV  
  14  1:00  SCV  
  15  1:07  Refinery  
  15  1:09  Refinery  
  15  1:11  Barracks  
  15  1:12  SCV  
  15  1:18  Supply Depot  
  16  1:24  SCV  
  17  1:41  SCV  
  18  1:53  SCV  
  19  2:00  Factory  
  19  2:04  Barracks Tech Lab  
  19  2:13  Barracks  
  19  2:22  Barracks  
  20  2:33  Supply Depot  
  20  2:35  SCV  
  20  2:47  SCV  
  21  2:58  Starport  
  21  2:59  Siege Tank  
  21  3:04  Marine  
  25  3:10  Marine  
  25  3:12  Marine  
  27  3:22  Marine, SCV  
  29  3:28  Marine  
  29  3:32  Marine  
  31  3:40  Marine  
  32  3:42  Orbital Command  
  32  3:54  Marine, Supply Depot  
  33  4:03  Marine  
  33  4:04  Marine  
  35  4:15  Marine  
  36  4:18  Siege Tank  
  36  4:23  SCV  
  40  4:31  Marine x2  
  42  4:44  Marine  
  42  4:45  Medivac  
  45  4:49  Marine  
  46  5:01  Supply Depot  
  46  5:05  Marine  
  44  5:13  Marine  
  44  5:14  Marine  
  40  5:18  Siege Tank  
  35  5:40  Command Center  
  30  5:57  Marine x2  
  30  6:17  Barracks Reactor, Barracks Tech Lab  
  30  6:23  SCV  
  31  6:33  Barracks Reactor  
  31  6:36  SCV  
  32  6:44  Engineering Bay  
  32  6:46  Starport Reactor  
  32  6:47  Marine  
  32  6:50  Stimpack  
  33  6:56  SCV  
  33  7:00  Marine  
  35  7:12  SCV x2  
  37  7:17  Missile Turret  
  37  7:24  SCV  
  37  7:29  Marine  
  39  7:35  Marine  
  39  7:36  Marine  
  39  7:42  Marine x2  
  40  7:48  Marine  
  37  7:53  Marine, SCV x2  
  37  7:54  Marine  
  41  7:59  Marine  
  41  8:05  SCV x2  
  43  8:09  Marine  
  45  8:13  Marine x2  
  45  8:14  Marine  
  48  8:28  Medivac  
  48  8:29  Medivac  
  48  8:30  SCV x2  
  54  8:40  Marine x2  
  54  8:41  Marine  
Show
View Real Time Build Order
Export as new Build Order

Zav Protoss 

Build Orders:  

Get SALT Encoding   

  1  0:00  Probe  
  12  0:06  Probe  
  14  0:25  Pylon  
  14  0:27  Probe  
  15  0:43  Probe  
  16  0:50  Gateway  
  16  0:52  Gateway  
  16  0:56  Probe  
  17  1:01  Assimilator  
  17  1:12  Probe  
  18  1:20  Probe, Assimilator  
  19  1:30  Probe  
  20  1:42  Cybernetics Core, Probe  
  20  1:45  Pylon  
  21  1:54  Probe  
  22  2:07  Probe  
  23  2:13  Gateway  
  23  2:16  Pylon  
  23  2:17  Zealot  
  23  2:19  Probe, Warp Gate  
  23  2:21  Adept  
  27  2:33  Pylon  
  27  2:47  Zealot  
  27  2:51  Adept  
  31  3:03  Adept  
  33  3:06  Probe  
  33  3:12  Pylon  
  34  3:16  Stalker  
  36  3:21  Sentry  
  36  3:23  Pylon  
  38  3:33  Adept  
  40  4:01  Nexus  
  39  4:23  Stalker  
  39  4:24  Stalker, Zealot  
  34  4:47  Probe  
  35  4:59  Probe  
  36  5:11  Probe  
  31  5:23  Probe  
  28  5:36  Probe  
  27  5:47  Probe  
  27  5:48  Probe  
  29  5:58  Stalker x3, Probe  
  29  5:59  Probe  
  37  6:06  Probe  
  37  6:07  Probe  
  39  6:13  Shield Battery  
  39  6:14  Probe  
  39  6:15  Probe  
  40  6:24  Stalker x2  
  45  6:26  Sentry  
  47  6:42  Twilight Council  
  47  6:43  Probe  
  47  6:44  Probe, Gateway  
  49  6:48  Sentry  
  49  6:53  Probe  
  51  6:55  Probe  
  51  7:01  Probe  
  53  7:03  Probe  
  55  7:20  Stalker x3  
  55  7:37  Probe x2  
  47  7:49  Probe x2  
  47  7:53  Zealot  
  49  8:02  Zealot x2  
  53  8:10  Twilight Council  
  52  8:19  Cybernetics Core  
  52  8:35  Probe x2  
  54  8:47  Probe x2  
Tags
 
Add a new tag
Caveats
  • Supply blocks, unpowered buildings, or Contaminate may cause inaccurate times.
  • Supply counts are checked every 10 seconds.